 Dungeon Crawl Stone Soup version 0.31-a0-472-g43a2ca8e1b (webtiles) character file.

Game seed: 9009014680838305153

116 MacCMillion the Ruffian (level 4, 0/38 HPs)
             Began as a Draconian Shapeshifter on Aug 6, 2023.
             Killed by nerve-wracking pain
             ... invoked by Grinder
              (13 damage)
             ... on level 3 of the Dungeon.
             The game lasted 00:03:15 (2193 turns).

MacCMillion the Ruffian (Draconian Shapeshifter)    Turns: 2193, Time: 00:03:16

Health: 0/38       AC:  5    Str: 26    XL:     4   Next: 70%
Magic:  4/4        EV: 12    Int:  8    God:
Gold:   162        SH:  0    Dex: 11    Spells: 3/3 levels left

rFire   . .          .
                       - Unarmed
rCold   . . .        (no shield)
rNeg    . . .        (body armour unavailable)
rPois   .            (helmet currently unavailable)
rElec   .            (cloak currently unavailable)
rCorr   .            (gloves currently unavailable)
SInv    .            (boots currently unavailable)
Will    .....        (no amulet)
Stlth   +            h - +6 ring of strength
HPRegen 0.26/turn    (no ring)
MPRegen 0.09/turn

%: no passive effects
@: beast-form
A: beast (slay +2), AC +5, unfitting armour, cold-blooded
a: Begin Untransformation


You were on level 3 of the Dungeon.
You were a hulking beast.
You visited 1 branch of the dungeon, and saw 3 of its levels.

You collected 162 gold pieces.

Inventory:

Missiles
 n - 6 poisoned darts
Armour
 j - a +0 pair of gloves
Jewellery
 h - a +6 ring of strength (left hand)
Talismans
 b - a beast talisman (active)
Scrolls
 c - a scroll of identify
 d - a scroll of immolation
 e - a scroll of amnesia
 f - 3 scrolls of teleportation {unknown}
 g - a scroll of fog {unknown}
 i - a scroll of summoning {unknown}
 k - a scroll of noise {unknown}
Potions
 a - a potion of lignification
 l - a potion of mutation
 m - 2 potions of resistance {unknown}


   Skills:
 + Level 3.0 Fighting
 - Level 1.7 Dodging
 * Level 4.8 Unarmed Combat
 - Level 3.0 Shapeshifting


You had 3 spell levels left.
You didn't know any spells.
Your spell library contained the following spells:

 Spells                   Type           Power      Damage    Failure   Level
 Slow                     Hex            0%         N/A       41%         1
 Confusing Touch          Hex            0%         N/A       78%         3
 Vampiric Draining        Necr           0%         2d6       78%         3


Dungeon Overview and Level Annotations

Branches:
Dungeon (3/15)

Altars:
Kikubaaqudgha
The Shining One

Annotations:
D:3 Grinder


Innate Abilities, Weirdness & Mutations

You are a hulking beast.
Your limbs bulge with bestial killing power. (Slay +2)
Your plain brown scales are hard. (AC +5)
You cannot fit into any form of body armour.
You are cold-blooded and may be slowed by cold attacks.


Message History

You now have 162 gold pieces (gained 15).
Found a glowing golden altar of the Shining One.
An orc comes into view. It is wielding a +0 short sword.
The orc shouts!
The orc moves out of view.
An orc is nearby!
You punch the orc!
You kill the orc!
No target in view!
A kobold comes into view. It is wielding a +0 short sword.
A kobold is nearby!
The kobold hits you but does no damage.
You barely miss the kobold.
Your tail-slap misses the kobold.
The kobold barely misses you.
You punch the kobold!
You kill the kobold!
No target in view!
You see here a +0 short sword.
There is an open door here.
Grinder comes into view.
Grinder shouts!
Grinder gestures at you. You resist with significant effort.
Grinder is nearby!
You start waiting.
Grinder is nearby!
Grinder barely misses you.
You barely miss Grinder.
Grinder blinks!
Found a stone staircase leading up.
Grinder gestures at you. Pain shoots through your body!
You start resting.
Grinder is nearby!
Grinder hits you!
You writhe in agony.
You are too injured to fight recklessly!
You hit Grinder. Your punch misses Grinder.
Grinder is lightly wounded.
Grinder gestures at you. Pain shoots through your body!
You die...

# #...#
###.........(..# #
#...#####............#
#
#...##...#...........#
#...##)#.#...........#
#......#.##.##########
#........##.####
##.............#
#.......##.##.# #
#.......##..#h##.##.##
##.....####.#.5......#
#.....# #.#####.#..<
#.....# #....##.#
#.....######.....#.#
####.#.............#
#.#.###########.#
#######.#.######
#........).....#


You could see Grinder.

Vanquished Creatures
  Terence (D:2)
  An adder (D:2)
  A worm (D:2)
  3 dart slugs
  2 orcs (D:3)
  7 bats (D:1)
  5 endoplasms
  4 giant cockroaches
  9 goblins
  5 hobgoblins
  8 jackals (D:1)
  2 quokkas
  4 ball pythons
  A frilled lizard (D:1)
  3 kobolds (D:3)
  7 rats
63 creatures vanquished.

Notes
Turn   | Place    | Note
-------+----------+-------------------------------------------
     0 | D:1      | MacCMillion the Draconian Shapeshifter began the quest for
                  | the Orb.
     0 | D:1      | Reached XP level 1. HP: 16/16 MP: 1/1
   115 | D:1      | Reached XP level 2. HP: 14/23 MP: 2/2
   414 | D:1      | Reached XP level 3. HP: 29/29 MP: 3/3
   630 | D:1      | Reached skill level 4 in Unarmed Combat
   842 | D:2      | You fall into a shaft and drop 1 floor!
  1194 | D:2      | Noticed Terence
  1213 | D:2      | Killed Terence
  1214 | D:2      | Reached XP level 4. HP: 31/37 MP: 4/4
  2046 | D:3      | Found an ancient bone altar of Kikubaaqudgha.
  2097 | D:3      | Found a glowing golden altar of the Shining One.
  2180 | D:3      | Noticed Grinder
  2193 | D:3      | Killed from afar by Grinder

Illustrated notes

Levels and vault maps discovered:
D:1:      wheals_arrival_shading, layout_loops_cross, chequers_jeans,
          minmay_hexomino_u4
D:2:      wad_lake_hut, layout_basic, chequers_serial_rivers_micro_c,
          uniq_terence
D:3:      layout_basic, nicolae_gozag_cash_rules_everything_around_me,
          lemuel_doored_altar, mainiacjoe_overflow_brackets,
          uniq_crazy_yiuf_cottage, uniq_grinder

Skill      XL: |  1  2  3  4 |
---------------+-------------+-----
Fighting       | 2 3 |  3.0
Unarmed Combat | 4 |  4.8
Dodging        | |  1.7
Shapeshifting  | |  3.0

Action                     |  1- 3 |  4- 6 || total
---------------------------+-------+-------++-------
  Melee: Unarmed           |   109 |    28 ||   137
         Tailslap          |     7 |     6 ||    13
         Punch             |     3 |       ||     3
    Use: Scroll            |     3 |       ||     3
 Armour: Skin              |    35 |     8 ||    43
  Dodge: Dodged            |    54 |    14 ||    68

Table legend: (Time is in decaauts)
 A = Elapsed time spent in this place.
 B = Non-inter-level travel time spent in this place.
 C = Inter-level travel time spent in this place.
 D = Time resting spent in this place.
 E = Time spent auto-exploring this place.
 F = Levels seen in this place.
 G = Mean time per level.
                   A        B        C        D        E       F      G
               +--------+--------+--------+--------+--------+-----+--------+
         Total |   2229 |   2122 |    107 |    288 |   1422 |   3 |  743.0 |
       Dungeon |   2229 |   2122 |    107 |    288 |   1422 |   3 |  743.0 |
               +--------+--------+--------+--------+--------+-----+--------+

Top non-repeatable levels by time:
     D:2: 1200 daAuts
     D:1: 817 daAuts
     D:3: 212 daAuts
